 Dungeon Crawl Stone Soup version 0.26-a0-542-gbaa144ba5c (webtiles) character file.

Game seed: 4610212427160602131

17374 Aksej the Cleaver (level 12, -3/92 HPs)
             Began as a Demonspawn Gladiator on Aug 17, 2020.
             Slain by an ettin
             ... wielding a +0 dire flail
              (42 damage)
             ... on level 11 of the Dungeon.
             The game lasted 00:32:54 (10824 turns).

Aksej the Cleaver (Demonspawn Gladiator)           Turns: 10824, Time: 00:32:55

Health: -3/92      AC: 19    Str: 16    XL:     12   Next: 18%
Magic:  12/12      EV: 14    Int: 11    God:
Gold:   160        SH: 12    Dex: 17    Spells: 11/11 levels left

rFire    . . .     SeeInvis +   a - +1 war axe (flame)
rCold    + + .     Faith    .   x - +2 kite shield {AC+3}
rNeg     . . .     Spirit   .   g - +3 ring mail of Infinity {rCorr}
rPois    +         Reflect  .   p - +2 hat
rElec    .         Harm     .   s - scarf {repulsion}
rCorr    +                      h - +2 pair of gloves
MR       .....                  (no boots)
Stlth    ++........             l - amulet of regeneration
HPRegen  0.65/turn              k - ring of poison resistance
MPRegen  0.13/turn              d - ring of see invisible

@: repel missiles
A: horns 1, thin metallic scales 1, camouflage 1, cold resistance 2, spiny 3
a: no special abilities


You were on level 11 of the Dungeon.
You visited 2 branches of the dungeon, and saw 13 of its levels.

You collected 707 gold pieces.
You spent 547 gold pieces at shops.

Inventory:

Hand Weapons
 a - a +1 war axe of flaming (weapon)
Missiles
 o - 5 boomerangs (quivered)
 t - 2 silver boomerangs
 w - 3 silver javelins
Armour
 g - the +3 ring mail of Infinity (worn) {rCorr}
   (You found it on level 5 of the Dungeon)

   It provides partial protection from all sources of acid and corrosion.
 h - a +2 pair of gloves (worn)
 p - a +2 hat (worn)
 s - a scarf of repulsion (worn)
 x - a +2 kite shield of protection (worn)
Jewellery
 d - a ring of see invisible (right hand)
 k - a ring of poison resistance (left hand)
 l - an amulet of regeneration (around neck)
 r - an uncursed amulet of magic regeneration
Wands
 c - a wand of disintegration (35)
 n - a wand of digging (4)
 q - a wand of acid (11)
 u - a wand of enslavement (8)
Scrolls
 e - 11 scrolls of teleportation
 f - 4 scrolls of identify
 m - 3 scrolls of remove curse
 v - a scroll of fog
Potions
 b - 2 potions of flight
 i - 2 potions of curing
 j - a potion of stabbing


   Skills:
 + Level 8.1 Fighting
 * Level 10.7 Axes
 + Level 7.4 Throwing
 + Level 7.2 Armour
 + Level 8.0 Dodging
 + Level 4.8 Shields


You had 11 spell levels left.
You didn't know any spells.
Your spell library contained the following spells:

 Spells                   Type           Power        Failure   Level
 Freeze                   Ice            #...         93%         1
 Confusing Touch          Hex            #.......     100%        3
 Frozen Ramparts          Ice            #.....       100%        3
 Gell's Gravitas          Tloc           #.........   100%        3
 Ozocubu's Armour         Ice            #.......     100%        3
 Hailstorm                Conj/Ice       #.......     100%        4
 Petrify                  Tmut/Erth      #.......     100%        4
 Summon Ice Beast         Ice/Summ       #.......     100%        4
 Metabolic Englaciation   Hex/Ice        #.........   100%        5
 Yara's Violent Unravell  Hex/Tmut       #.........   100%        5


Dungeon Overview and Level Annotations

Branches:
Dungeon (12/15)            Temple (1/1) D:5            Lair (0/6) D:8
    Orc (0/2) D:11

Altars:
Ashenzari
Cheibriados
Dithmenos
Elyvilon
Fedhas
Gozag
Hepliaklqana
Kikubaaqudgha
Makhleb
Nemelex Xobeh
Okawaru
Ru
Sif Muna
Trog
Uskayaw
Vehumet
Wu Jian
Xom
Zin
The Shining One

Shops:
D:5 (   D:6 (*   D:10 [}(

Portals:
Abyss: D:4

Annotations:
D:4 2 transporters, Valentain's ghost, amateur OpEE
D:5 2 runed translucent doors, Vruhakk's ghost, novice KoEn
D:8 Erica


Innate Abilities, Weirdness & Mutations

You have a pair of small horns on your head.
You are partially covered in thin metallic scales. (AC +2)
Your flesh is very cold resistant. (rC++)
You are completely covered in sharp spines.
Your skin changes colour to match your surroundings (Stealth+).


Message History

The ettin is lightly wounded.
You slash the ettin! You burn the ettin.
You headbutt the ettin, but do no damage.
The ettin is moderately wounded.
The ettin hits you with a +0 dire flail!
The ettin closely misses you.
You slash the ettin! You burn the ettin. You headbutt the ettin.
The ettin is heavily wounded.
The ettin barely misses you.
The ettin hits you with a +0 dire flail.
You hit the ettin. You burn the ettin.
You headbutt the ettin, but do no damage.
The ettin is heavily wounded.
You block the ettin's attack.
The ettin hits you with a +0 dire flail!
You hit the ettin. You burn the ettin.
The ettin is heavily wounded.
The ettin is struck by your spines.
The ettin hits you with a +0 dire flail!!!
You die...

#### ################ ...##
#.......>......# .#..#######
#..###########.#
..........###..###########.#
.########......C...........#
................@..........#
..######....##############.#
...........................#
...####....................#
#.........##################
#...##....##################
#..........................#
...####...[................#
...........................#


You could see an ettin.

Vanquished Creatures
  3 hydras
  A centaur warrior (D:12)
  2 two-headed ogres
  5 skeletal warriors
  A deep elf archer (D:12)
  A wolf spider (D:11)
  2 manticores (D:12)
  2 cyclopes
  An ugly thing (D:11)
  A centaur zombie (D:12)
  Maurice (D:12)
  A komodo dragon (shapeshifter) (D:12)
  A troll (D:9)
  A hornet (D:12)
  4 hippogriffs
  3 shadows (D:11)
  A yak (D:12)
  2 humans (D:7)
  2 vampire mosquitoes (D:12)
  4 orc warriors
  A hornet zombie (D:12)
  An ice beast (D:6)
  A black bear (D:7)
  4 ogres
  10 centaurs
  A big kobold (D:10)
  6 bullfrogs
  5 scorpions
  A troll zombie (D:11)
  5 killer bees (D:12)
  6 howler monkeys
  10 wights
  A quasit (D:9)
  A bullfrog zombie (D:10)
  10 orc priests
  3 hounds
  2 jellies
  2 bullfrog skeletons
  7 orc wizards
  A centaur skeleton (D:11)
  3 iguanas
  4 worker ants
  A hell rat (D:7)
  5 ogre zombies (D:11)
  A hound zombie (D:6)
  2 hound skeletons
  2 howler monkey skeletons
  4 gnolls
  16 adders
  A river rat (D:8)
  4 white imps
  2 adder skeletons
  3 worms
  2 dart slugs
  4 leopard geckos
  31 orcs
  4 giant cockroaches
  6 hobgoblins
  12 jackals
  2 quokkas
  8 bats
  A frilled lizard (D:3)
  5 goblins
  3 goblin skeletons (D:11)
  A goblin zombie (D:11)
  A hobgoblin zombie (D:11)
  12 kobolds
  2 orc skeletons (D:11)
  12 orc zombies (D:11)
  4 rats
275 creatures vanquished.

Notes
Turn   | Place    | Note
-------+----------+-------------------------------------------
     0 | D:1      | Aksej the Demonspawn Gladiator began the quest for the Orb.
     0 | D:1      | Reached XP level 1. HP: 16/16 MP: 1/1
   261 | D:1      | Gained mutation: Your flesh is cold resistant. (rC+)
                  | [demonic ancestry]
   261 | D:1      | Reached XP level 2. HP: 1/22 MP: 2/2
   855 | D:1      | Reached skill level 3 in Axes
  1193 | D:2      | Gained mutation: You have a pair of small horns on your
                  | head. [demonic ancestry]
  1193 | D:2      | Reached XP level 3. HP: 26/27 MP: 3/3
  1482 | D:2      | Found a shattered altar of Ashenzari.
  1560 | D:2      | Reached skill level 1 in Armour
  1837 | D:2      | Reached XP level 4. HP: 29/34 MP: 4/4
  2255 | D:3      | Found a sparkling altar of Nemelex Xobeh.
  2841 | D:4      | Gained mutation: You are partially covered in sharp spines.
                  | [demonic ancestry]
  2841 | D:4      | Reached XP level 5. HP: 27/39 MP: 5/5
  3028 | D:4      | Reached skill level 4 in Axes
  3148 | D:4      | Found a transporter.
  3152 | D:4      | Found a transporter.
  3153 | D:4      | Noticed a small abomination
  3200 | D:4      | Gained mutation: You are mostly covered in sharp spines.
                  | [demonic ancestry]
  3200 | D:4      | Reached XP level 6. HP: 38/47 MP: 6/6
  3257 | D:4      | Found a one-way gate to the infinite horrors of the Abyss.
  3257 | D:4      | Noticed Valentain's ghost (amateur OpEE)
  3586 | D:5      | Entered Level 5 of the Dungeon
  3662 | D:5      | Got an ichor-stained ring mail
  3673 | D:5      | Identified the +3 ring mail of Infinity {rCorr} (You found
                  | it on level 5 of the Dungeon)
  3738 | D:5      | Found Jaaluum's Weapon Shoppe.
  3921 | D:5      | Reached XP level 7. HP: 49/52 MP: 7/7
  3948 | D:5      | You fall into a shaft and drop 1 floor!
  4032 | D:6      | Found Najisyc's Antique Weapon Shoppe.
  4037 | D:6      | Bought a runed hand axe for 126 gold pieces
  4082 | D:6      | Reached skill level 5 in Axes
  4188 | D:5      | Found a large runed translucent door.
  4193 | D:5      | Found a bloodstained altar of Trog.
  4249 | D:5      | Found a large runed translucent door.
  4251 | D:5      | Noticed Vruhakk's ghost (novice KoEn)
  4303 | D:5      | Found a staircase to the Ecumenical Temple.
  4312 | Temple   | Entered the Ecumenical Temple
  4876 | D:6      | Found an opulent altar of Gozag.
  4878 | D:6      | Found Gozag's Platinum Reserve.
  5200 | D:7      | Reached XP level 8. HP: 18/60 MP: 8/8
  5295 | D:7      | Reached skill level 6 in Axes
  5471 | D:7      | Found a snail-covered altar of Cheibriados.
  5814 | D:7      | Found a shimmering blue altar of Sif Muna.
  5814 | D:7      | Found an ancient bone altar of Kikubaaqudgha.
  5815 | D:7      | Found a glowing silver altar of Zin.
  5872 | D:7      | Reached skill level 5 in Dodging
  5879 | D:7      | Reached skill level 5 in Fighting
  5883 | D:7      | Found an iron altar of Okawaru.
  6088 | D:8      | Noticed a death yak
  6094 | D:8      | Reached XP level 9. HP: 68/68 MP: 9/9
  6096 | D:8      | Noticed a death yak
  6097 | D:8      | Noticed a death yak
  6210 | D:8      | Found a staircase to the Lair.
  6297 | D:8      | Noticed Erica
  6366 | D:9      | Reached skill level 7 in Axes
  6997 | D:10     | Entered Level 10 of the Dungeon
  6997 | D:10     | Noticed a two-headed ogre
  6997 | D:10     | Noticed a troll
  7008 | D:9      | Killed a two-headed ogre
  7008 | D:9      | Reached skill level 5 in Throwing
  7050 | D:9      | Killed a troll
  7050 | D:9      | Reached skill level 5 in Armour
  7238 | D:10     | Found Noxisk's Antique Weapon Shoppe.
  7249 | D:10     | Reached skill level 8 in Axes
  7262 | D:10     | Found Ijillag's Gadget Shop.
  7371 | D:10     | Bought a glowing hand axe for 174 gold pieces
  7765 | D:10     | Found Ympun's Antique Armour Shoppe.
  7768 | D:10     | Bought a shiny kite shield for 247 gold pieces
  7891 | D:10     | Gained mutation: You are partially covered in thin metallic
                  | scales. (AC +2) [demonic ancestry]
  7891 | D:10     | Reached XP level 10. HP: 56/76 MP: 10/10
  8020 | D:11     | Noticed a brown ugly thing
  8023 | D:11     | Noticed a two-headed ogre
  8037 | D:11     | Killed a brown ugly thing
  8037 | D:11     | Reached skill level 1 in Shields
  8040 | D:11     | Killed a two-headed ogre
  8180 | D:11     | Noticed a cyclops
  8190 | D:11     | Killed a cyclops
  8581 | D:11     | Reached skill level 9 in Axes
  8608 | D:11     | Found a staircase to the Orcish Mines.
  8658 | D:11     | Noticed a skeletal warrior
  8658 | D:11     | Noticed a skeletal warrior
  8659 | D:11     | Noticed a skeletal warrior
  8659 | D:11     | Noticed a skeletal warrior
  8662 | D:11     | Noticed a skeletal warrior
  8797 | D:10     | Killed a skeletal warrior
  8933 | D:10     | Killed a skeletal warrior
  8933 | D:10     | Reached XP level 11. HP: 26/84 MP: 11/11
  9081 | D:10     | Killed a skeletal warrior
  9648 | D:11     | Killed a skeletal warrior
  9755 | D:11     | Gained mutation: Your flesh is very cold resistant. (rC++)
                  | [potion of mutation]
  9755 | D:11     | Gained mutation: Your skin changes colour to match your
                  | surroundings (Stealth+). [potion of mutation]
  9795 | D:12     | Noticed a centaur warrior
  9802 | D:12     | Killed a centaur warrior
  9923 | D:11     | Killed a skeletal warrior
 10042 | D:12     | Noticed Maurice
 10042 | D:12     | Noticed a four-headed hydra
 10043 | D:12     | Noticed a six-headed hydra
 10047 | D:12     | Reached skill level 10 in Axes
 10052 | D:12     | Killed a one-headed hydra
 10061 | D:12     | Killed a one-headed hydra
 10063 | D:12     | Killed Maurice
 10159 | D:12     | Noticed a deep elf archer
 10169 | D:12     | Noticed a four-headed hydra
 10279 | D:11     | Killed a one-headed hydra
 10371 | D:12     | Gained mutation: You are completely covered in sharp
                  | spines. [demonic ancestry]
 10371 | D:12     | Reached XP level 12. HP: 88/92 MP: 12/12
 10601 | D:11     | HP: 2/92 [wolf spider (8)]
 10808 | D:12     | Noticed an ettin
 10824 | D:11     | Slain by an ettin

Illustrated notes

Levels and vault maps discovered:
D:1:      matt_arrival_los_fun, layout_basic
D:2:      layout_rooms, lemuel_round_altar
D:3:      layout_loops_ring, lemuel_coloured_pillars_altar
D:4:      layout_rooms, gammafunk_ghost_abyssal_escape
D:5:      layout_loops_cross, bloody_trog, temple_hall, serial_shops,
          nicolae_shop_crystal, ebering_ghost_disaster_area
D:6:      layout_loops_ring, nicolae_gozag_zags_fifth_avenue, serial_shops,
          nicolae_shop_stone
D:7:      layout_basic, slow_altar_1,
          chequers_temple_overflow_statue_of_worship, okawaru_humans
D:8:      layout_loops_ring, minitemple, dpeg_lair_monsters, uniq_psyche,
          uniq_gastronok, uniq_erica
D:9:      layout_long_grid
D:10:     layout_layer_cave, serial_shops, kennysheep_mini_moat, shop, shop,
          st_stairs_9
D:11:     layout_long_grid, zombieorc1_lemuel, minmay_misc_feat_more_columns,
          chequers_serial_rivers_micro_c
D:12:     minmay_the_grid_square_5x5_4x4
          [minmay_the_grid_square_5x5_three_walls,
          minmay_the_grid_square_5x5_percent,
          minmay_the_grid_square_5x5_sharp_hourglass,
          minmay_the_grid_square_5x5_inner_z, minmay_the_grid_square_5x5_lines,
          minmay_the_grid_square_5x5_prize_waves,
          minmay_the_grid_square_5x5_prize_rear_guard,
          minmay_the_grid_square_5x5_inner_v,
          minmay_the_grid_square_5x5_hollow_slash,
          minmay_the_grid_square_5x5_prize_monsterx,
          minmay_the_grid_square_5x5_prize_junk,
          minmay_the_grid_square_5x5_minivault,
          minmay_the_grid_square_5x5_inner_i, minmay_the_grid_square_5x5_eight,
          minmay_the_grid_square_5x5_mess, minmay_the_grid_square_5x5_shrine2],
          layout_loops_ring, uniq_maurice
Temple:   minmay_temple_forest_path

Skill      XL: |  1  2  3  4  5  6  7  8  9 10 11 12 |
---------------+-------------------------------------+-----
Throwing       | 2 3 4 5 6 7 |  7.4
Axes           | 3 4 5 6 8 9 10 | 10.7
Dodging        | 3 4 5 6 7 8 |  8.0
Armour         | 1 2 3 4 5 6 7 |  7.2
Fighting       | 3 4 5 6 7 8 |  8.1
Shields        | 3 4 |  4.8

Action                   |  1- 3 |  4- 6 |  7- 9 | 10-12 || total
-------------------------+-------+-------+-------+-------++-------
Melee: War axe           |    91 |   121 |   192 |   363 ||   767
       Headbutt          |     6 |    17 |    36 |    92 ||   151
Throw: Throwing net      |       |     6 |       |       ||     6
       Boomerang         |       |    24 |   139 |    74 ||   237
Evoke: Wand              |       |       |       |     1 ||     1
  Use: Scroll            |     4 |     3 |     5 |     5 ||    17
       Potion            |     3 |     1 |     4 |     3 ||    11
 Stab: Distracted        |       |       |     1 |       ||     1
       Sleeping          |       |       |       |     1 ||     1
Armor: Leather armour    |    16 |    58 |       |       ||    74
       Ring mail         |       |     2 |    63 |   150 ||   215
Dodge: Dodged            |    66 |    89 |   168 |   191 ||   514
       Repelled          |       |       |     1 |     3 ||     4
Block: Kite shield       |       |       |    12 |   232 ||   244

Table legend: (Time is in decaauts)
 A = Elapsed time spent in this place.
 B = Non-inter-level travel time spent in this place.
 C = Inter-level travel time spent in this place.
 D = Time resting spent in this place.
 E = Time spent auto-exploring this place.
 F = Levels seen in this place.
 G = Mean time per level.
                   A        B        C        D        E       F      G
               +--------+--------+--------+--------+--------+-----+--------+
         Total |  10997 |  10558 |    439 |   2346 |   5945 |  13 |  845.9 |
       Dungeon |  10597 |  10186 |    411 |   2346 |   5612 |  12 |  883.1 |
        Temple |    399 |    371 |     28 |      0 |    333 |   1 |  399.0 |
               +--------+--------+--------+--------+--------+-----+--------+

Top non-repeatable levels by time:
    D:11: 2075 daAuts
    D:10: 1320 daAuts
     D:1: 1198 daAuts
     D:2: 942 daAuts
     D:7: 896 daAuts
     D:9: 808 daAuts
     D:4: 798 daAuts
     D:3: 721 daAuts
     D:5: 616 daAuts
     D:6: 578 daAuts
  Temple: 399 daAuts
    D:12: 380 daAuts
     D:8: 261 daAuts
